 Dungeon Crawl Stone Soup version 0.31-a0-182-gc5ef74bbde (webtiles) character file.

Game seed: 16793130920434653583

6899 lunkers the Severer (level 11, -8/99 HPs)
             Began as a Meteoran Fighter on June 15, 2023.
             Was an Initiate of Gozag.
             Asphyxiated
             ... on level 10 of the Dungeon on June 20, 2023.
             The game lasted 00:18:35 (3695 turns).

lunkers the Severer (Meteoran Fighter)              Turns: 3695, Time: 00:18:36

Health: -8/99      AC: 10    Str: 21    XL:     11   Next: 51%
Magic:  12/12      EV: 18    Int:  9    God:    Gozag
Gold:   1319       SH:  0    Dex: 16    Spells: 10/10 levels left

rFire   + . .        a - +1 war axe
rCold   . . .        c - +0 buckler
rNeg    . . .        j - +3 leather armour
rPois   .            e - +1 helmet
rElec   .            (no cloak)
rCorr   .            (no gloves)
SInv    .            u - +0 pair of boots
Will    +....        (no amulet)
Stlth   +            g - ring of protection from fire
HPRegen 0.36/turn    n - +5 ring of evasion
MPRegen 0.13/turn

%: no passive effects
@: confused, mighty, lethally poisoned (-8 -> -24), ambrosia-drunk, gold aura,
slowed, glowing, very slow
A: sense surroundings 2, otherworldly, glowing, explore regen
a: Renounce Religion, Potion Petition, Call Merchant, Bribe Branch


You were on level 10 of the Dungeon.
You worshipped Gozag.
Gozag was most pleased with you.
You visited 1 branch of the dungeon, and saw 10 of its levels.

You collected 1360 gold pieces.
You paid 41 gold pieces to Gozag.

Inventory:

Hand Weapons
 a - a +1 war axe (weapon)
 l - a +1 flail of draining
Missiles
 q - a throwing net
Armour
 c - a +0 buckler (worn)
 e - a +1 helmet (worn)
 j - a +3 leather armour (worn)
 k - a +0 plate armour
 u - a +0 pair of boots (worn)
Jewellery
 g - a ring of protection from fire (left hand)
 n - a +5 ring of evasion (right hand)
 o - a ring of positive energy
 v - a +6 ring of dexterity
 x - the ring of Ihiots {Fire Will+ rCorr Dex+2}
   (You found it on level 7 of the Dungeon)

   [ring of fire]

   It enhances your fire magic.
   Dex:       It affects your dexterity (+2).
   rF:        It protects you from fire.
   rC:        It makes you vulnerable to cold.
   rCorr:     It protects you from acid and corrosion.
   Will:      It increases your willpower.
 A - a ring of see invisible
 B - a ring of ice
Wands
 d - a wand of flame (3)
 y - a wand of polymorph (6)
 D - a wand of digging (6)
 E - a wand of roots (8)
Scrolls
 p - a scroll of enchant armour
 z - a scroll of amnesia
Potions
 b - a potion of enlightenment {unknown}
 f - a potion of haste {unknown}
 h - 3 potions of ambrosia
 m - 5 potions of attraction
 r - a potion of lignification {unknown}
 s - a potion of degeneration {unknown}
 w - 2 potions of berserk rage
 G - a potion of cancellation
Miscellaneous
 F - a condenser vane (inert)


   Skills:
 + Level 10.1 Fighting
 * Level 15.4 Axes
 + Level 6.0 Armour
 + Level 4.5 Dodging
 - Level 3.6 Shields


You had 10 spell levels left.
You didn't know any spells.
Your spell library contained the following spells:

 Spells                   Type           Power      Damage    Failure   Level
 Apportation              Tloc           0%         N/A       50%         1
 Necrotise                Necr           0%         1d4       50%         1
 Summon Small Mammal      Summ           0%         N/A       50%         1
 Ensorcelled Hibernation  Hex/Ice        0%         N/A       65%         2
 Inner Flame              Hex/Fire       0%         N/A       86%         3
 Spider Form              Tmut/Pois      0%         N/A       86%         3
 Anguish                  Hex/Necr       0%         N/A       99%         4
 Flame Wave               Conj/Fire      0%         2d4       99%         4
 Sticky Flame             Conj/Fire      0%         2d3       99%         4


Dungeon Overview and Level Annotations

Branches:
Dungeon (10/15) Zot: 3742
 Temple: D:4-7         Lair: D:8-11         Orc: D:9-12

Altars:
Ashenzari
Cheibriados
Gozag
Kikubaaqudgha
Nemelex Xobeh
Okawaru
Sif Muna
Uskayaw
Vehumet
Xom

Annotations:
D:10 Sonja


Innate Abilities, Weirdness & Mutations

You passively map the area around you.
You are easily found by Zot.
You glow in the dark.
You regain HP and MP as you explore.


Message History

* * * LOW HITPOINT WARNING * * *
You feel as though you will be slow longer.
Aiming: Fastroot
Press: ? - help, Shift-Dir - straight line The roots erupt in riotous growth!
Roots grab the boulder beetle.
Roots grab Sonja.
The grasping roots constrict the boulder beetle!
The grasping roots constrict Sonja!
* * * LOW HITPOINT WARNING * * *
You feel extremely sick.
The roots release their grip on the boulder beetle.
Sonja throws a curare-tipped dart.
The curare-tipped dart misses you.
The boulder beetle is engulfed in acidic fog.
You kill the boulder beetle!
Sonja mumbles some strange words.
Sonja struggles to blink free from constriction.
Your life force feels restored.
Your Fighting skill increases to level 10!
Your Armour skill increases to level 6!
Unknown command.
You feel better.
The grasping roots constrict Sonja!
The roots release their grip on Sonja.
Sonja throws a curare-tipped dart.
The curare-tipped dart hits you.
You are lethally poisoned!
You have difficulty breathing.
* * * LOW HITPOINT WARNING * * *
You feel as though you will be slow longer.
Sonja casts a spell.
Sonja blinks!
You are confused.
You feel invigorated.
* * * LOW HITPOINT WARNING * * *
You feel very sick.
* * * LOW HITPOINT WARNING * * *
You feel very sick.
Sonja throws a curare-tipped dart.
The curare-tipped dart hits you.
You are more poisoned.
You have difficulty breathing.
You die...
Your body crumbles into a pile of gold.

##### #...# #...# #...#
** , * #####...#######
... , ,,
.......@.$....+..., ,
#####§..##.####.. ,, ,
*,* #.§§...#.# #.., , #
, , #§§....#.# #.#**
.### ,**
**....§☼§.#.###.####...
, ,
#........#.#........# ,
..#....K.#..........# ,
.##......###........####
, * #.......##...


You could see Sonja.

Vanquished Creatures
  A fire dragon (D:8)
  A boulder beetle (D:10)
  The ghost of Palms the Grappler, a novice TrFi (D:7)
  Joseph (D:7)
  A kobold demonologist (D:9)
  5 yaks (D:10)
  A wraith (D:10)
  2 wyverns
  3 steam dragons
  2 water moccasins
  Duvessa (D:5)
  An orc warrior (D:8)
  6 ice beasts
  3 centaurs
  A phantom (D:6)
  A kobold brigand (D:5)
  2 bullfrogs
  A gnoll sergeant (D:9)
  A scorpion (D:6)
  4 wights (D:7)
  Dowan (D:5)
  A vampire bat (D:4)
  7 electric eels
  2 howler monkeys
  3 hounds
  4 orc priests
  3 jellies
  An iguana (D:6)
  6 orc wizards
  3 centaur simulacra (D:7)
  9 gnolls
  3 adders
  4 white imps
  A dart slug (D:5)
  8 orcs
  6 ball pythons
  4 bats
  4 bat skeletons (D:4)
  2 bat zombies (D:4)
  4 endoplasms
  3 giant cockroaches
  7 hobgoblins
  13 kobolds
  3 quokkas
  2 frilled lizards
  2 goblins
  4 rats
149 creatures vanquished.

Vanquished Creatures (collateral kills)
  An orc warrior (D:6)
  A white imp (D:6)
  2 orcs (D:6)
4 creatures vanquished.

Grand Total: 153 creatures vanquished

Notes
Turn   | Place    | Note
-------+----------+-------------------------------------------
     0 | D:1      | lunkers the Meteoran Fighter began the quest for the Orb.
     0 | D:1      | Reached XP level 1. HP: 19/19 MP: 2/2
    38 | D:1      | Reached skill level 3 in Axes
    38 | D:1      | Reached XP level 2. HP: 26/26 MP: 3/3
   167 | D:1      | Reached XP level 3. HP: 31/31 MP: 4/4
   426 | D:3      | Reached skill level 4 in Axes
   637 | D:3      | Found a sparkling altar of Nemelex Xobeh.
   637 | D:3      | Found an opulent altar of Gozag.
   643 | D:3      | Became a worshipper of Gozag Ym Sagoz the Greedy
   826 | D:4      | Found an ancient bone altar of Kikubaaqudgha.
   851 | D:4      | Reached XP level 4. HP: 31/38 MP: 5/5
   857 | D:4      | Reached skill level 5 in Axes
   857 | D:4      | Reached XP level 5. HP: 40/45 MP: 6/6
  1075 | D:4      | Reached skill level 6 in Axes
  1098 | D:5      | Entered Level 5 of the Dungeon
  1099 | D:5      | Noticed Duvessa
  1099 | D:5      | Noticed Dowan
  1106 | D:5      | Killed Dowan
  1107 | D:5      | Reached XP level 6. HP: 33/51 MP: 7/7
  1112 | D:5      | Killed Duvessa
  1113 | D:5      | Reached skill level 7 in Axes
  1118 | D:5      | Found a radiant altar of Vehumet.
  1120 | D:5      | Found a shimmering altar of Xom.
  1248 | D:5      | Reached skill level 8 in Axes
  1248 | D:5      | Reached XP level 7. HP: 51/57 MP: 8/8
  1385 | D:5      | Reached skill level 9 in Axes
  1432 | D:5      | Reached XP level 8. HP: 4/63 MP: 9/9
  1542 | D:5      | Reached skill level 10 in Axes
  1877 | D:6      | HP: 2/67 [scorpion (4)]
  1880 | D:6      | Reached skill level 11 in Axes
  1986 | D:6      | Gained mutation: You passively map the area around you.
                  | [Meteoran growth]
  1986 | D:6      | Reached XP level 9. HP: 73/73 MP: 10/10
  2065 | D:7      | Noticed Joseph
  2075 | D:7      | Killed Joseph
  2076 | D:7      | Reached skill level 5 in Fighting
  2076 | D:7      | Reached skill level 12 in Axes
  2309 | D:7      | Reached skill level 13 in Axes
  2468 | D:7      | Found a runed translucent gate.
  2469 | D:7      | Found a runed translucent gate.
  2473 | D:7      | Found a runed translucent gate.
  2497 | D:7      | Reached XP level 10. HP: 62/84 MP: 11/11
  2524 | D:7      | Noticed Palms's ghost (novice TrFi)
  2576 | D:7      | Killed Palms's ghost
  2577 | D:7      | Reached skill level 14 in Axes
  2620 | D:7      | Got the ring of Ihiots {Fire Will+ rCorr Dex+2}
  2785 | D:8      | Noticed a two-headed ogre
  2794 | D:8      | a two-headed ogre changed into a fire dragon
  2794 | D:8      | Noticed a fire dragon
  2803 | D:8      | Killed a fire dragon
  2804 | D:8      | Reached skill level 1 in Dodging
  2988 | D:8      | Reached XP level 11. HP: 75/97 MP: 12/12
  3460 | D:9      | Reached skill level 5 in Armour
  3493 | D:9      | Found a shimmering blue altar of Sif Muna.
  3541 | D:10     | Entered Level 10 of the Dungeon
  3564 | D:10     | Found a snail-covered altar of Cheibriados.
  3567 | D:10     | Found a hide-covered altar of Uskayaw.
  3570 | D:10     | Found a broken altar of Ashenzari.
  3580 | D:10     | Upgraded the game from 0.31-a0-174-g85c54bcb58 to
                  | 0.31-a0-182-gc5ef74bbde
  3596 | D:10     | Reached skill level 15 in Axes
  3606 | D:10     | Found an iron altar of Okawaru.
  3658 | D:10     | Noticed Sonja
  3662 | D:10     | Noticed a boulder beetle
  3692 | D:10     | Killed a boulder beetle
  3693 | D:10     | Reached skill level 10 in Fighting
  3693 | D:10     | HP: 2/99 [asphyx]
  3695 | D:10     | Asphyxiated

Illustrated notes

Levels and vault maps discovered:
D:1:      dreamdust_arrival_beginning_and_end, layout_basic, st_stairs_6
D:2:      layout_basic, hellmonk_ecumenical_altar_heavens_door,
          serial_bayou_pond_b, minmay_domino_2
D:3:      layout_loops_cross, grunt_temple_overflow_opulence
D:4:      layout_loops_ring, kennysheep_vampire_church,
          kennysheep_generic_room_10, uniq_pikel, uniq_grinder
D:5:      cheibrodos_two_vegetables, layout_loops_ring,
          chequers_temple_overflow_statue_of_worship, uniq_duvessa
D:6:      layout_cave_pools, mainiacjoe_overflow_boulevard
D:7:      corexii_shantytown, layout_rooms, minmay_temple_entry_overgrown,
          gammafunk_ghost_icy, minmay_strange_pillars, david_defended_altar_orc,
          uniq_joseph
D:8:      layout_gridville, minivault_4, minivault_5, columned_hall_lemuel
D:9:      layout_stronghold, nicolae_sif_muna_condensation, uniq_harold
D:10:     layout_basic, grunt_temple_overflow_cloverleaf, kb_rosetta,
          uniq_psyche, uniq_sonja

Skill      XL: |  1  2  3  4  5  6  7  8  9 10 11 |
---------------+----------------------------------+-----
Axes           | 3 4 5 6 8 9 11 13 14 15 | 15.4
Fighting       | 4 6 9 10 | 10.1
Armour         | 4 6 |  6.0
Dodging        | 2 4 |  4.5
Shields        | |  3.6

Action                     |  1- 3 |  4- 6 |  7- 9 | 10-12 || total
---------------------------+-------+-------+-------+-------++-------
  Melee: War axe           |    98 |    41 |   220 |   184 ||   543
  Evoke: Wand              |       |       |    11 |     4 ||    15
         Condenser vane    |       |       |       |     1 ||     1
    Use: Scroll            |       |     4 |     9 |     2 ||    15
         Potion            |       |     1 |     3 |     5 ||     9
   Stab: Distracted        |     1 |       |       |       ||     1
 Armour: Scale mail        |    24 |       |       |       ||    24
         Leather armour    |    48 |    11 |    52 |    51 ||   162
  Dodge: Dodged            |    64 |    21 |    98 |   104 ||   287
  Block: Buckler           |    35 |    10 |    54 |    25 ||   124

Table legend: (Time is in decaauts)
 A = Elapsed time spent in this place.
 B = Non-inter-level travel time spent in this place.
 C = Inter-level travel time spent in this place.
 D = Time resting spent in this place.
 E = Time spent auto-exploring this place.
 F = Levels seen in this place.
 G = Mean time per level.
                   A        B        C        D        E       F      G
               +--------+--------+--------+--------+--------+-----+--------+
         Total |   3755 |   3403 |    352 |      0 |   1464 |  10 |  375.5 |
       Dungeon |   3755 |   3403 |    352 |      0 |   1464 |  10 |  375.5 |
               +--------+--------+--------+--------+--------+-----+--------+

Top non-repeatable levels by time:
     D:5: 671 daAuts
     D:7: 614 daAuts
     D:9: 458 daAuts
     D:3: 396 daAuts
     D:8: 368 daAuts
     D:6: 354 daAuts
     D:4: 335 daAuts
     D:1: 214 daAuts
     D:2: 191 daAuts
    D:10: 152 daAuts
